Map: Lost and Found LE

Players

Nordy - Winner!

  • Race: Protoss Protoss
  • League: Diamond
  • Spawn Location: 7:00

WilDFirE

  • Race: Terran Terran
  • League: Diamond
  • Spawn Location: 1:00

VOD

Have the link to the VOD?

Description

Time

  • Played on: July 20, 2018, 8:42 p.m.
  • Length: 11:19
Show
View Real Time Build Order
Export as new Build Order

Nordy Protoss - Winner!

Build Orders: 1 Gate Expand 

Get SALT Encoding   

  12  0:00  Probe  
  13  0:13  Probe  
  14  0:18  Pylon  
  14  0:25  Probe  
  15  0:34  Probe  
  15  0:37  Gateway  
  15  0:42  Probe  
  16  0:47  Assimilator  
  17  0:51  Probe  
  18  1:03  Probe  
  19  1:15  Probe  
  20  1:25  Nexus  
  20  1:35  Cybernetics Core  
  20  1:41  Assimilator  
  20  1:42  Probe  
  21  1:49  Pylon  
  21  1:54  Probe  
  22  2:02  Adept  
  22  2:07  Probe  
  23  2:12  Warp Gate  
  24  2:19  Probe  
  25  2:28  Stalker  
  27  2:30  Twilight Council  
  27  2:33  Probe  
  28  2:37  Probe  
  29  2:58  Probe x2  
  29  3:02  Stalker  
  29  3:04  Gateway  
  31  3:07  Probe x2  
  33  3:15  Probe x2  
  35  3:23  Pylon  
  35  3:24  Probe  
  35  3:25  Probe  
  37  3:35  Charge  
  37  3:36  Probe  
  37  3:37  Probe  
  39  3:48  Probe  
  39  3:49  Probe  
  39  3:55  Robotics Facility  
  39  4:01  Probe x2  
  41  4:05  Shield Battery  
  41  4:07  Shield Battery  
  41  4:13  Probe x2  
  43  4:21  Assimilator  
  43  4:23  Pylon  
  43  4:24  Stalker  
  45  4:25  Probe x2  
  45  4:26  Stalker  
  45  4:27  Assimilator  
  49  4:32  Gateway  
  49  4:39  Probe  
  49  4:40  Probe  
  51  4:48  Zealot  
  51  4:49  Zealot  
  51  4:51  Probe  
  51  4:52  Probe  
  57  4:53  Observer  
  58  5:03  Nexus  
  58  5:05  Pylon  
  58  5:08  Gateway  
  58  5:12  Pylon  
  58  5:15  Zealot  
  58  5:16  Immortal  
  58  5:18  Zealot  
  66  5:31  Probe x2  
  68  5:37  Gateway  
  68  5:40  Zealot  
  68  5:42  Stalker  
  72  5:51  Zealot  
  74  5:57  Immortal  
  74  5:58  Forge  
  74  5:59  Gateway  
  78  6:16  Probe x2  
  80  6:19  Adept x3  
  80  6:20  Protoss Ground Weapons Level 1  
  86  6:32  Pylon  
  86  6:35  Adept x2  
  86  6:39  Sentry  
  92  6:44  Pylon  
  92  6:45  Pylon  
  92  6:48  Probe  
  92  6:50  Probe x2  
  95  6:57  Gateway  
  95  6:58  Zealot x3, Immortal  
  95  6:59  Gateway  
  105  7:10  Zealot  
  105  7:11  Zealot  
  105  7:15  Sentry  
  111  7:27  Stalker  
  113  7:31  Stalker  
  113  7:32  Stalker  
  115  7:39  Zealot x2  
  115  7:40  Zealot  
  89  7:56  Zealot x3  
  89  7:57  Probe x3  
  96  8:02  Protoss Ground Weapons Level 2  
  96  8:07  Zealot  
  96  8:08  Zealot x4  
  96  8:09  Probe x3  
  96  8:12  Templar Archives  
  109  8:23  Gateway  
  109  8:25  Gateway  
  109  8:26  Adept x2  
  113  8:32  Pylon  
  113  8:33  Assimilator  
  113  8:35  Pylon  
  113  8:38  Assimilator  
  113  8:40  Pylon, Zealot x2  
  111  8:54  Zealot  
  111  8:55  Zealot x5  
  119  9:06  Probe x2  
  119  9:07  Probe  
  122  9:11  Gateway  
  122  9:13  Warp Prism  
  122  9:14  Gateway  
  122  9:16  Gateway  
  122  9:20  Gateway  
  124  9:40  Nexus  
  124  9:42  Nexus  
  124  9:45  Pylon  
  124  9:51  High Templar x2  
  126  9:54  Pylon  
  126  9:56  Pylon  
  126  9:58  Pylon  
  126  10:05  Pylon  
  126  10:12  High Templar  
  126  10:13  High Templar x6  
  126  10:14  High Templar  
  142  10:17  Archon x3  
  142  10:18  Archon  
  142  10:41  Zealot x3  
  142  10:42  Zealot x2  
  122  10:51  Zealot x3  
  122  10:52  Zealot x3  
  129  11:10  Zealot  
  129  11:11  Zealot x5  
  127  11:12  Zealot  
Show
View Real Time Build Order
Export as new Build Order

WilDFirE Terran 

Build Orders: Reaper Expand, MMM Bio 

Get SALT Encoding   

  12  0:00  SCV  
  13  0:13  SCV  
  14  0:17  Supply Depot  
  14  0:25  SCV  
  15  0:38  SCV  
  15  0:41  Barracks  
  16  0:45  Refinery  
  16  0:51  SCV  
  17  1:03  SCV  
  18  1:15  SCV  
  19  1:29  Orbital Command  
  19  1:30  Reaper  
  20  1:39  Command Center  
  20  1:55  SCV  
  21  2:02  Marine  
  21  2:05  Supply Depot  
  22  2:16  Barracks  
  22  2:17  Barracks  
  22  2:19  SCV  
  23  2:28  Barracks Reactor  
  23  2:35  SCV  
  24  2:57  SCV  
  24  2:58  Orbital Command  
  25  3:05  Barracks Tech Lab  
  25  3:07  Barracks Reactor  
  25  3:11  Marine  
  25  3:12  Marine  
  27  3:16  SCV  
  28  3:23  SCV  
  28  3:27  Marine, Engineering Bay, Stimpack  
  29  3:29  Marine x2  
  32  3:38  Bunker  
  32  3:39  SCV x2  
  34  3:45  Marine x2  
  36  3:57  Marine x2  
  36  3:58  Marauder, SCV  
  36  3:59  SCV  
  42  4:05  Marine x2  
  44  4:10  SCV  
  44  4:12  Refinery x2  
  45  4:17  SCV  
  45  4:20  Missile Turret  
  46  4:25  Marine x4, Marauder, SCV  
  46  4:26  Supply Depot  
  46  4:27  Supply Depot  
  53  4:36  Missile Turret  
  53  4:37  SCV  
  54  4:46  Terran Infantry Weapons Level 1  
  54  4:48  Marine x4, SCV  
  54  4:49  Supply Depot  
  59  4:54  Factory  
  59  4:58  SCV  
  62  5:00  Marauder, SCV  
  63  5:09  Marine x2  
  63  5:10  Marine x2  
  63  5:11  SCV  
  63  5:12  SCV  
  69  5:15  Supply Depot  
  69  5:23  Marauder  
  69  5:28  Marine x4, Combat Shields  
  75  5:37  Supply Depot  
  75  5:41  Starport  
  75  5:44  SCV  
  75  5:45  Factory Reactor  
  75  5:46  SCV  
  75  5:48  Marine x2, Marauder  
  81  5:50  Refinery  
  81  5:56  SCV  
  82  6:01  Supply Depot  
  82  6:06  Marine x2  
  82  6:09  Marine x2  
  82  6:10  Marauder, SCV  
  82  6:11  SCV  
  90  6:26  Supply Depot x2  
  90  6:29  Marine x4  
  90  6:30  Medivac x2  
  98  6:36  SCV x2  
  100  6:41  Terran Infantry Armor Level 1  
  100  6:45  Marauder  
  102  6:47  Concussive Shells  
  102  6:48  Marine x4, Supply Depot  
  102  6:49  Supply Depot  
  106  6:58  SCV x2  
  108  7:04  Medivac x2  
  108  7:06  Marine x4  
  116  7:10  Supply Depot  
  116  7:13  Supply Depot  
  116  7:17  Armory  
  116  7:18  Marine  
  117  7:23  Marine, SCV x2  
  117  7:24  Marine, Marauder  
  117  7:28  Marine  
  108  7:44  Marine  
  108  7:45  Marine  
  108  7:46  Marauder  
  94  7:56  Marine x2  
  94  7:58  SCV x2  
  94  8:02  Marine x2, Barracks  
  94  8:04  Barracks  
  98  8:07  Supply Depot, Marauder  
  98  8:10  Supply Depot  
  98  8:11  Medivac x2  
  104  8:13  Marine  
  104  8:14  Marine  
  106  8:20  Marine  
  107  8:29  Marauder  
  107  8:32  Supply Depot  
  109  8:34  Supply Depot  
  109  8:35  Marine  
  109  8:36  Marine x2  
  109  8:38  Marine  
  108  8:50  Marauder  
  108  8:54  Marine x3  
  98  8:57  Barracks Reactor  
  98  8:58  Barracks Tech Lab  
  97  9:05  Marine  
  98  9:11  Marauder  
  98  9:12  Marine x3  
  98  9:15  Medivac x2  
  107  9:21  Supply Depot  
  107  9:22  Supply Depot  
  107  9:27  Marine  
  107  9:28  Command Center, Marauder  
  107  9:29  Marine  
  107  9:30  Marine x2  
  112  9:33  Marauder  
  109  9:45  Marine  
  94  9:54  Marauder  
  94  9:57  Marine  
  94  9:58  Marine x4, Marauder  
  94  9:59  Medivac x2  
  103  10:03  Marine  
  103  10:15  Marine, Marauder  
  103  10:16  Marine x3  
  103  10:19  Marauder  
  111  10:29  Supply Depot  
  110  10:37  Marauder, Barracks  
  110  10:39  Barracks  
  61  10:59  Marine  
  61  11:00  Marine x4  
Tags
 
Add a new tag
Caveats
  • Supply blocks, unpowered buildings, or Contaminate may cause inaccurate times.
  • Supply counts are checked every 10 seconds.